Map: Ulrena

Players

SticklerMac - Winner!

  • Race: Zerg Zerg
  • League: Platinum

RenamOn

  • Race: Zerg Zerg
  • League: Gold

VOD

Have the link to the VOD?

Description

Time

  • Played on: Nov. 10, 2015, 7:40 p.m.
  • Length: 12:39
Show
View Real Time Build Order
Export as new Build Order

SticklerMac Zerg - Winner!

Build Orders: Hatch First 

Get SALT Encoding   

  12  0:01  Drone  
  13  0:09  Drone  
  14  0:23  Overlord  
  14  0:42  Drone x3  
  17  0:55  Hatchery  
  16  0:57  Drone  
  16  1:04  Extractor  
  16  1:08  Drone  
  17  1:18  Spawning Pool  
  16  1:29  Drone x2  
  18  1:37  Drone  
  19  1:50  Overlord  
  19  2:00  Drone  
  20  2:06  Queen  
  20  2:08  Metabolic Boost  
  22  2:12  Zergling x2  
  22  2:13  Zergling x2  
  26  2:23  Drone  
  26  2:24  Drone  
  26  2:29  Zergling x2  
  29  2:40  Zergling x4  
  29  2:42  Drone  
  32  2:50  Overlord  
  32  2:54  Queen  
  32  2:56  Queen  
  32  2:58  Zergling x2  
  35  3:03  Baneling Nest  
  34  3:15  Drone x2  
  36  3:21  Overlord  
  36  3:22  Overlord  
  36  3:47  Zergling x12  
  39  4:03  Roach Warren  
  39  4:04  Drone x2  
  39  4:07  Drone x5  
  45  4:14  Drone, Extractor  
  45  4:32  Spine Crawler x2  
  45  4:35  Zergling x6  
  45  4:36  Zergling x4  
  48  4:50  Zergling x6  
  48  4:51  Roach x2  
  51  5:05  Overlord x3  
  50  5:28  Lair  
  50  5:41  Roach  
  50  5:42  Roach x6  
  64  5:50  Drone  
  64  5:51  Drone x3  
  64  5:55  Drone  
  69  5:57  Drone  
  68  6:12  Roach x3  
  74  6:26  Overlord x3  
  74  6:37  Spire  
  73  6:47  Overlord  
  73  6:49  Roach x9  
  73  6:53  Overlord  
  91  6:59  Extractor  
  90  7:18  Drone x7  
  90  7:19  Drone x2  
  99  7:29  Overseer  
  99  7:31  Pneumatized Carapace  
  95  8:02  Mutalisk  
  95  8:03  Mutalisk x2  
  95  8:05  Zergling x8  
  99  8:20  Drone  
  99  8:21  Extractor  
  99  8:22  Drone  
  98  8:55  Overlord x4  
  82  9:08  Roach  
  82  9:09  Roach x4  
  90  9:27  Roach x9  
  106  9:36  Glial Reconstitution  
  106  9:46  Mutalisk x3  
  112  9:58  Roach  
  112  9:59  Roach x4  
  118  10:00  Hatchery  
  118  10:05  Roach x3  
  118  10:06  Roach  
  97  10:28  Roach  
  97  10:29  Roach x3  
  103  10:55  Roach x10  
  123  11:12  Overlord x4  
  123  11:25  Mutalisk  
  117  11:26  Mutalisk  
  119  11:40  Overseer  
  119  11:41  Overseer  
  119  11:46  Mutalisk x4  
  127  11:56  Queen  
  129  12:03  Mutalisk x3  
  129  12:05  Roach  
  129  12:06  Roach x2  
Show
View Real Time Build Order
Export as new Build Order

RenamOn Zerg 

Build Orders: Hatch First, Lurkers 

Get SALT Encoding   

  12  0:01  Drone  
  13  0:17  Overlord  
  13  0:21  Drone  
  15  0:35  Drone x2  
  16  0:52  Hatchery  
  16  0:55  Drone  
  16  0:57  Drone  
  16  1:03  Drone  
  18  1:06  Extractor  
  17  1:21  Spawning Pool  
  17  1:22  Drone  
  17  1:34  Drone  
  17  1:35  Overlord  
  18  1:48  Drone  
  19  1:55  Drone  
  20  2:07  Queen  
  20  2:08  Metabolic Boost, Queen  
  24  2:11  Zergling x2  
  25  2:41  Drone x3, Roach Warren  
  25  2:42  Drone x2  
  29  2:58  Drone x3, Extractor  
  32  3:02  Overlord  
  31  3:10  Drone  
  31  3:21  Roach  
  31  3:22  Roach  
  31  3:25  Roach  
  31  3:26  Roach x3  
  43  3:34  Spine Crawler  
  43  3:39  Spine Crawler  
  41  3:46  Roach  
  41  3:47  Roach  
  43  3:52  Drone  
  43  3:54  Overlord  
  44  4:09  Overlord  
  44  4:16  Queen  
  46  4:17  Drone x3  
  46  4:24  Overlord  
  49  4:45  Roach x4  
  57  4:46  Roach x2  
  49  4:58  Drone x4  
  49  5:03  Lair  
  49  5:05  Drone x2  
  51  5:15  Drone  
  51  5:16  Baneling Nest  
  51  5:25  Evolution Chamber  
  51  5:27  Evolution Chamber, Queen  
  52  5:28  Drone  
  52  5:29  Drone  
  52  5:32  Roach  
  55  5:39  Drone  
  55  5:41  Drone x3  
  55  5:42  Drone  
  60  5:45  Ravager x3  
  60  5:46  Ravager x2  
  65  5:59  Extractor x2  
  67  6:11  Roach x2  
  67  6:12  Overlord x2  
  67  6:14  Drone  
  65  6:25  Spore Crawler  
  65  6:26  Drone x2  
  65  6:28  Hatchery  
  65  6:29  Spore Crawler x2  
  65  6:30  Drone, Spore Crawler  
  65  6:31  Drone  
  64  6:50  Zerg Missile Weapons Level 1, Zerg Ground Armor Level 1  
  64  6:58  Roach x3  
  64  6:59  Zergling x4  
  64  7:00  Zergling x4  
  74  7:14  Drone x3  
  74  7:15  Drone x3  
  80  7:21  Hydralisk Den  
  79  7:26  Overlord x2  
  79  7:32  Ravager  
  61  8:07  Lurker Den  
  61  8:09  Roach x5  
  61  8:10  Roach x6  
  75  8:14  Queen  
  79  8:20  Roach x2  
  79  8:23  Baneling x3  
  79  8:24  Baneling  
  81  8:31  Zergling x4  
  81  8:32  Zergling x4  
  81  8:46  Roach  
  81  8:47  Roach x7  
  89  8:59  Roach x5  
  91  9:04  Overseer  
  91  9:14  Roach x4  
  99  9:22  Glial Reconstitution  
  97  9:28  Drone x3  
  97  9:29  Drone, Extractor x2  
  97  9:30  Drone x4  
  103  9:41  Zerg Missile Weapons Level 2  
  103  9:54  Overlord  
  103  9:55  Overlord  
  103  9:57  Hatchery  
  96  10:03  Zerg Ground Armor Level 2  
  96  10:07  Roach  
  80  10:13  Muscular Augments  
  70  10:17  Drone x2  
  58  10:23  Hydralisk x2  
  58  10:25  Hydralisk  
  64  10:30  Hydralisk  
  66  10:43  Hydralisk  
  66  10:44  Hydralisk x3  
  74  10:52  Lurker  
  74  10:54  Lurker  
  76  11:08  Hydralisk  
  72  11:18  Roach x3  
  72  11:19  Roach x2  
  76  11:26  Lurker x3  
  68  11:39  Hydralisk x4  
  68  11:40  Hydralisk x3  
  80  11:54  Overlord x2  
  80  11:57  Drone x2  
  80  11:58  Hydralisk  
  80  11:59  Hydralisk x4  
  90  12:07  Lurker  
  90  12:08  Lurker  
Tags
 
Add a new tag
Caveats
  • Supply blocks, unpowered buildings, or Contaminate may cause inaccurate times.
  • Supply counts are checked every 10 seconds.